 Dungeon Crawl Stone Soup version 0.29.1-13-g9f3cf754e1 (webtiles) character file.

Game seed: 18349387216854415209

106 cdecastro the Insei (level 4, -1/28 HPs)
             Began as an Octopode Transmuter on Jan 28, 2023.
             Slain by Ijyb
             ... wielding a +3 dagger of protection
              (5 damage)
             ... on level 3 of the Dungeon.
             The game lasted 00:03:46 (3274 turns).

cdecastro the Insei (Octopode Transmuter)           Turns: 3274, Time: 00:03:46

Health: -1/28      AC:  1    Str:  9    XL:     4   Next: 84%
Magic:  6/7        EV: 13    Int: 23    God:
Gold:   38         SH:  0    Dex: 12    Spells: 6/7 levels left

rFire   . . .      SeeInvis .     - Unarmed
rCold   . . .      Faith    .   (no shield)
rNeg    . . .      Spirit   .   (helmet currently unavailable)
rPois   .          Reflect  .   (no amulet)
rElec   .          Harm     .   c - +6 ring of intelligence
rCorr   .          Rampage  .   (no ring)
Will    .....                   (no ring)
Stlth   ++........              (no ring)
HPRegen 0.09/turn               (no ring)
MPRegen 0.10/turn               (no ring)
                                (no ring)
                                (no ring)

@: appendages
A: tentacle spike 3, almost no armour, amphibious, 8 rings, camouflage 1,
gelatinous body 1, (nimble swimmer 1), tentacles
a: End Transformation


You were on level 3 of the Dungeon.
One of your tentacles had grown a beastly spike.
You visited 1 branch of the dungeon, and saw 3 of its levels.

You collected 38 gold pieces.

Inventory:

Armour
 f - a +1 hat
Jewellery
 c - a +6 ring of intelligence (left tentacle)
Scrolls
 b - 2 scrolls of identify {unknown}
 g - a scroll of enchant weapon {unknown}
 i - a scroll of fear {unknown}
 j - a scroll of poison {unknown}
 k - a scroll of brand weapon {unknown}
 m - a scroll of magic mapping {unknown}
Potions
 a - a potion of lignification
 d - 2 potions of curing {unknown}
 e - 3 potions of cancellation {unknown}
 h - a potion of attraction {unknown}
 l - a potion of magic {unknown}


   Skills:
 - Level 1.0 Fighting
 - Level 2.0 Dodging
 + Level 5.4 Unarmed Combat
 - Level 2.0 Spellcasting
 - Level 2.0 Transmutations


You had 6 spell levels left.
You knew the following spells:

 Your Spells              Type           Power      Damage    Failure   Level
a - Beastly Appendage     Tmut           22%        N/A       5%          1

Your spell library contained the following spells:

 Spells                   Type           Power      Damage    Failure   Level
 Wereblood                Tmut           11%        N/A       9%          2
 Sandblast                Erth           4%         2d4       13%         1
 Passwall                 Tmut/Erth      5%         N/A       13%         2
 Spider Form              Tmut/Pois      6%         N/A       26%         3
 Stone Arrow              Conj/Erth      4%         3d7       36%         3
 Ice Form                 Ice/Tmut       6%         N/A       63%         4


Dungeon Overview and Level Annotations

Branches:
Dungeon (3/15)

Altars:

Annotations:
D:3 Ijyb, Sigmund


Innate Abilities, Weirdness & Mutations

One of your tentacles has grown a beastly spike.
You cannot wear most types of armour.
You are amphibious.
You can wear up to eight rings at the same time.
Your skin changes colour to match your surroundings (Stealth+).
Your rubbery body absorbs attacks. (AC +1, EV +1)
((You are camouflaged when in or above water. (Stealth+)))
You have tentacles for arms and can constrict up to eight enemies at once.


Message History

Unknown command.
You tentacle-slap the goblin. You grab the goblin. You squeeze the goblin.
You kill the goblin!
The jackal misses you. The jackal closely misses you.
Unknown command.
You tentacle-slap the jackal.
You kill the jackal!
Unknown command.
You tentacle-slap Ijyb. Your grab misses Ijyb.
Ijyb is lightly wounded.
Ijyb hits you with a +3 dagger of protection.
Unknown command.
You tentacle-slap Ijyb but do no damage.
You grab Ijyb.
Ijyb is lightly wounded.
You constrict Ijyb, but do no damage.
Ijyb hits you with a +3 dagger of protection!
You tentacle-slap Ijyb.
You pierce Ijyb, but do no damage.
Ijyb is moderately wounded.
You constrict Ijyb, but do no damage. The goblin closely misses you.
Ijyb hits you with a +3 dagger of protection.
* * * LOW HITPOINT WARNING * * *
You tentacle-slap Ijyb. You squeeze Ijyb.
Ijyb is heavily wounded.
You constrict Ijyb, but do no damage. The goblin hits you but does no damage.
Ijyb hits you with a +3 dagger of protection.
* * * LOW HITPOINT WARNING * * *
Unknown command.
You tentacle-slap Ijyb but do no damage.
You pierce Ijyb, but do no damage.
Ijyb is heavily wounded.
You constrict Ijyb, but do no damage.
Unknown command.
You tentacle-slap Ijyb but do no damage.
Your tentacle spike misses Ijyb.
Ijyb is heavily wounded.
You constrict Ijyb, but do no damage. The goblin hits you with a +0 dagger.
* * * LOW HITPOINT WARNING * * *
Ijyb hits you with a +3 dagger of protection.
You die...

############
#...'.g.....
#...'†g.g...
#.gg#.......
#..@##########...≈≈#
#........)...#...≈≈#
#........)...#...≈≈#
##'##.....##'##..≈≈#
#...#.....#...#..≈≈#
#...#.....#...#..≈≈#
#...#.....#...#..≈≈#
##'##.....##†##).≈≈#
#.).#.....#.)....≈≈#


You could see Ijyb and a goblin.

Vanquished Creatures
  Terence (D:3)
  An adder (D:2)
  2 worms
  4 dart slugs
  6 ball pythons
  3 bats
  2 endoplasms
  3 giant cockroaches
  11 goblins
  3 hobgoblins (D:2)
  3 jackals (D:3)
  A quokka (D:3)
  6 frilled lizards
  5 kobolds
  7 rats (D:1)
58 creatures vanquished.

Notes
Turn   | Place    | Note
-------+----------+-------------------------------------------
     0 | D:1      | cdecastro the Octopode Transmuter began the quest for the
                  | Orb.
     0 | D:1      | Reached XP level 1. HP: 13/13 MP: 3/3
   368 | D:1      | Reached XP level 2. HP: 18/18 MP: 3/5
   916 | D:1      | Reached skill level 4 in Unarmed Combat
  1082 | D:1      | Reached XP level 3. HP: 23/23 MP: 4/6
  1371 | D:2      | HP: 1/23 [frozen (5)]
  2035 | D:2      | Identified the +2 chain mail of Ufotut {+Inv rPois}
  2492 | D:2      | Found a faded altar of an unknown god.
  2500 | D:2      | Reached XP level 4. HP: 28/28 MP: 5/7
  2829 | D:3      | Noticed Sigmund
  2888 | D:3      | Noticed Terence
  2899 | D:3      | Killed Terence
  2900 | D:3      | Reached skill level 5 in Unarmed Combat
  3258 | D:3      | Noticed Ijyb
  3274 | D:3      | Slain by Ijyb

Illustrated notes

Levels and vault maps discovered:
D:1:      heliophobic_arrival_enchanted_forest, layout_basic
D:2:      layout_basic, shapermc_ecumenical_altar_mp_ritualfount
D:3:      kennysheep_goblin_castle, layout_basic, uniq_sigmund, uniq_terence,
          uniq_ijyb

Skill      XL: |  1  2  3  4 |
---------------+-------------+-----
Unarmed Combat | 4 5 |  5.4
Fighting       | |  1.0
Dodging        | |  2.0
Spellcasting   | |  2.0
Transmutations | |  2.0

Action                   |  1- 3 |  4- 6 || total
-------------------------+-------+-------++-------
Melee: Unarmed           |    64 |    42 ||   106
       Constrict         |    21 |    10 ||    31
       Kick              |    11 |    10 ||    21
       Tentacles         |    16 |     5 ||    21
       Punch             |     2 |     2 ||     4
 Cast: Beastly Appendage |    20 |     7 ||    27
 Stab: Sleeping          |     9 |     1 ||    10
Armor: Skin              |     1 |     3 ||     4
Dodge: Dodged            |    30 |    26 ||    56
